 Dungeon Crawl Stone Soup version 0.28-b1-25-g9875b3fc8c (webtiles) character file.

Game seed: 1843450287237538944

2109 croobank the Conjurer (level 8, 0/61 (62) HPs)
             Began as a Demigod Conjurer on Feb 2, 2022.
             Slain by a two-headed ogre (27 damage)
             ... on level 6 of the Dungeon.
             The game lasted 00:28:44 (7349 turns).

croobank the Conjurer (Demigod Conjurer)            Turns: 7349, Time: 00:28:44

HP:   0/61 (62)     AC:  7    Str:  8    XL:     8   Next: 80%
MP:   10/19         EV: 28    Int: 28    God:
Gold: 292           SH:  0    Dex: 12    Spells: 11/17 levels left

rFire   . . .      SeeInvis .   a - +0 dagger (venom)
rCold   . . .      Faith    .   (no shield)
rNeg    + . .      Spirit   .   A - +0 steam dragon scales
rPois   .          Reflect  .   (no helmet)
rElec   .          Harm     .   v - +0 cloak
rCorr   .          Rampage  .   (no gloves)
Will    .....                   r - +0 pair of boots
Stlth   +.........              g - amulet of the acrobat
HPRegen 0.20/turn               i - +4 ring of slaying
MPRegen 0.16/turn               m - ring of positive energy

@: acrobatic, lightly drained, very slow
A: high MP 1, forlorn, divine attributes
a: no special abilities


You were on level 6 of the Dungeon.
You visited 2 branches of the dungeon, and saw 7 of its levels.

You collected 355 gold pieces.
You spent 63 gold pieces at shops.

Inventory:

Hand Weapons
 a - a +0 dagger of venom (weapon)
 b - a +0 hunting sling
Missiles
 c - 66 stones
 e - 52 arrows
 f - 80 sling bullets
 t - 3 boomerangs
 y - 21 bolts
Armour
 d - a +0 robe
 r - a +0 pair of boots (worn)
 v - a +0 cloak (worn)
 A - +0 steam dragon scales (worn)
Jewellery
 g - an amulet of the acrobat (around neck)
 i - a +4 ring of slaying (left hand)
 m - a ring of positive energy (right hand)
Wands
 B - a wand of mindburst (10)
Scrolls
 h - a scroll of torment {unknown}
 l - 2 scrolls of teleportation
 n - 2 scrolls of holy word
 o - a scroll of fog
 q - a scroll of amnesia {unknown}
Potions
 j - 5 potions of degeneration
 k - 2 potions of curing
 p - 2 potions of ambrosia
 s - a potion of magic
 u - a potion of brilliance {unknown}
 w - 2 potions of mutation {unknown}
 x - a potion of flight {unknown}
 z - a potion of heal wounds
 C - a potion of attraction {unknown}


   Skills:
 + Level 2.5 Fighting
 + Level 3.8 Short Blades
 + Level 5.0 Dodging
 + Level 3.7 Stealth
 + Level 5.3 Spellcasting
 + Level 6.6 Conjurations


You had 11 spell levels left.
You knew the following spells:

 Your Spells              Type           Power      Damage    Failure   Level
a - Magic Dart            Conj           100%       1d8       1%          1
b - Searing Ray           Conj           88%        2d7       1%          2
c - Dazzling Flash        Conj/Hex       52%        N/A       4%          3

Your spell library contained the following spells:

 Spells                   Type           Power      Damage    Failure   Level
 Fulminant Prism          Conj/Hex       13%        3d9       17%         4
 Iskenderun's Mystic Bla  Conj/Tloc      26%        2d7       17%         4
 Inner Flame              Hex/Fire       7%         N/A       19%         3
 Cause Fear               Hex            3%         N/A       54%         4
 Discord                  Hex            3%         N/A       100%        8


Dungeon Overview and Level Annotations

Branches:
Dungeon (6/15)             Temple (1/1) D:4

Shops:
D:4 *

Annotations:
D:4 Eustachio


Innate Abilities, Weirdness & Mutations

You have an increased reservoir of magic. (+10% MP)
You shall have no god before yourself.
Your divine heritage dramatically boosts your attributes as you level up.


Message History

The searing ray misses the two-headed ogre. (Press . to maintain the ray.)
The centaur skeleton hits you. The centaur skeleton kicks you.
The searing ray hits the two-headed ogre!
The two-headed ogre is heavily wounded.
The searing ray hits the centaur skeleton!
The centaur skeleton is almost destroyed.
The searing ray hits the two-headed ogre.
The two-headed ogre is heavily wounded.
The searing ray hits the centaur skeleton!
You destroy the centaur skeleton!
The two-headed ogre completely misses you.
The two-headed ogre closely misses you.
The searing ray hits the two-headed ogre.
The two-headed ogre is heavily wounded.
The searing ray hits the centaur skeleton.
The centaur skeleton is lightly damaged.
You finish channelling your searing ray.
The two-headed ogre barely misses you. The two-headed ogre misses you.
The two-headed ogre misses you.
The two-headed ogre completely misses you.
Casting: Searing Ray (safe; 1% risk of failure)
Confirm with . or Enter, or press ? or * to list all spells.
Aiming: Searing Ray (safe; 1% risk of failure)
Press: ? - help, Shift-Dir - straight line, f/p - two-headed ogre
Aim: a two-headed ogre, wielding two +0 giant clubs (heavily wounded, 91% to hit)
The searing ray hits the two-headed ogre.
The two-headed ogre is severely wounded. (Press . to maintain the ray.)
The searing ray hits the two-headed ogre!
The two-headed ogre is severely wounded.
The two-headed ogre hits you with a +0 giant club!!
The two-headed ogre hits you with a +0 giant club!
The two-headed ogre completely misses you.
The two-headed ogre barely misses you.
You enter the shallow water.
Moving in this stuff is going to be slow.
The two-headed ogre misses you.
The two-headed ogre hits you with a +0 giant club!!
You die...

#...≈##..##.Z.#..##≈
#≈...#..##≈..≈##..#.
#.≈≈.#8.#=.##..#.8#.
#...≈#.Z#≈..[$≈#..#≈
#...≈...#≈.>⌠.≈#).#≈
#.≈≈.#8.#..##..#.8#.
#≈.Z.#..##≈..≈##..#.
#..O≈##..##..##†.##≈
##.@..##..####..##..
##..).##[.....##...
###..≈###..###≈..#
###...####...###
###....†.###..
#########... #.##...
#.##... #.##...


You could see a two-headed ogre and a centaur skeleton.

Vanquished Creatures
  A wyvern (D:6)
  A steam dragon (D:5)
  Menkaure (D:5)
  A water moccasin (D:6)
  A black bear (D:6)
  3 necrophages (D:6)
  3 ogres
  2 centaurs (D:6)
  A phantom (D:6)
  A bullfrog (D:6)
  A wyvern zombie (D:6)
  2 water moccasin zombies (D:6)
  2 centaur zombies (D:6)
  3 centaur skeletons
  A hound (D:5)
  2 jellies (D:6)
  A bullfrog skeleton (D:5)
  3 iguanas
  An orc wizard (D:4)
  A killer bee zombie (D:6)
  3 adders
  A white imp (D:5)
  An ufetubus (D:6)
  3 worms
  3 dart slugs
  10 orcs
  7 endoplasms
  6 giant cockroaches
  7 goblins
  7 hobgoblins
  5 jackals
  4 quokkas
  5 ball pythons
  6 bats
  5 frilled lizards
  8 kobolds
  6 rats
119 creatures vanquished.

Notes
Turn   | Place    | Note
-------+----------+-------------------------------------------
     0 | D:1      | croobank the Demigod Conjurer began the quest for the Orb.
     0 | D:1      | Reached XP level 1. HP: 14/14 MP: 5/5
   456 | D:1      | Reached skill level 4 in Conjurations
   662 | D:1      | Reached XP level 2. HP: 19/20 MP: 7/7
  1590 | D:2      | Reached XP level 3. HP: 26/26 MP: 5/8
  1595 | D:2      | Learned a level 2 spell: Searing Ray
  3087 | D:3      | Reached XP level 4. HP: 34/34 MP: 7/10
  3139 | D:3      | Learned a level 3 spell: Dazzling Flash
  3868 | D:4      | Found Omouna's Neck Hole.
  3876 | D:4      | Bought a +0 cloak for 63 gold pieces
  3907 | D:4      | Reached XP level 5. HP: 39/39 MP: 4/11
  3922 | D:4      | Noticed an ogre
  3963 | D:4      | Found a staircase to the Ecumenical Temple.
  3967 | D:4      | Killed an ogre
  3968 | D:4      | Reached skill level 1 in Fighting
  3968 | D:4      | Reached skill level 1 in Short Blades
  3968 | D:4      | Reached skill level 5 in Conjurations
  3973 | Temple   | Entered the Ecumenical Temple
  4016 | D:4      | Noticed Eustachio
  4030 | D:4      | HP: 1/40 [crimson imp[Eustachio] (2)]
  4320 | D:4      | Noticed an ogre
  4332 | D:4      | Killed an ogre
  4333 | D:4      | Reached XP level 6. HP: 13/47 MP: 3/13
  4578 | D:5      | Entered Level 5 of the Dungeon
  4836 | D:5      | Noticed Menkaure
  4844 | D:5      | Killed Menkaure
  5066 | D:5      | Noticed a steam dragon
  5074 | D:5      | Killed a steam dragon
  5075 | D:5      | Reached XP level 7. HP: 48/52 MP: 7/15
  5514 | D:6      | Noticed a wyvern
  5531 | D:6      | Killed a wyvern
  5801 | D:6      | Reached skill level 6 in Conjurations
  5999 | D:6      | Reached XP level 8. HP: 58/61 MP: 11/18
  6605 | D:6      | Reached skill level 5 in Spellcasting
  7015 | D:6      | Noticed a two-headed ogre
  7327 | D:6      | Reached skill level 5 in Dodging
  7349 | D:6      | Slain by a two-headed ogre

Illustrated notes

Levels and vault maps discovered:
D:1:      dpeg_arrival_water_temple_mockup, layout_loops_ring, chequers_jeans
D:2:      layout_rooms, serial_glass, glass_columns_a, glass_columns_a,
          fountainhead
D:3:      layout_basic, kennysheep_decorative_pillar
D:4:      layout_loops_corners, nicolae_tso_carved_into_rock,
          nzn_wu_jian_council_hall, minmay_temple_entry_tees,
          grunt_ministairs_5, nicolae_shop_sticking_my_neck_out, uniq_eustachio,
          uniq_natasha
D:5:      layout_rooms, uniq_menkaure
D:6:      layout_basic, doesnt_xom_only_xom, nzn_random_ring
Temple:   cyrus_circular_temple

Skill      XL: |  1  2  3  4  5  6  7  8 |
---------------+-------------------------+-----
Conjurations   | 4 5 6 |  6.6
Stealth        | 2 3 |  3.7
Spellcasting   | 2 3 4 5 |  5.3
Dodging        | 2 3 5 |  5.0
Fighting       | 1 2 |  2.5
Short Blades   | 1 2 3 |  3.8

Action                   |  1- 3 |  4- 6 |  7- 9 || total
-------------------------+-------+-------+-------++-------
Melee: Dagger            |    67 |    17 |    95 ||   179
       Punch             |     1 |     1 |     1 ||     3
 Cast: Magic Dart        |    84 |    38 |    54 ||   176
       Searing Ray       |     2 |    14 |    20 ||    36
       Dazzling Flash    |       |       |     3 ||     3
  Use: Scroll            |     2 |     6 |     1 ||     9
       Potion            |       |     2 |       ||     2
Armor: Robe              |     6 |     8 |       ||    14
       Steam dragon scal |       |       |    44 ||    44
Dodge: Dodged            |    42 |    41 |   141 ||   224
